 Dungeon Crawl Stone Soup version 0.18.1-48-g4cf74bf (webtiles) character file.

184870 Charly the Grand Gadgeteer (level 18, -10/119 HPs)
             Began as a Tengu Warper on Aug 22, 2016.
             Was the Champion of Pakellas.
             Mangled by a spatial maelstrom (21 damage)
             ... while paralysed by accursed screaming
             ... on level 4 of the Abyss.
             The game lasted 04:56:42 (20809 turns).

Charly the Grand Gadgeteer (Tengu Warper)          Turns: 20809, Time: 04:56:44

Health: -10/119    AC: 39    Str: 20      XL:     18   Next: 2%
Magic:  7/31       EV:  2    Int: 14 (15) God:    Pakellas [******]
Gold:   586        SH:  0    Dex: 20      Spells: 6 memorised, 7 levels left

rFire  . . .     SeeInvis .     k - +10 glaive of Gallantry {chop, *Confuse +Inv rN+}
rCold  . . .     Gourm    .     z - +10 plate armour "Xitwajox" {rPois Str+4 Int-2}
rNeg   + . .     Faith    .     (shield currently unavailable)
rPois  +         Spirit   .     (helmet restricted)
rElec  .         Dismiss  .     U - +2 cloak {rPois}
rCorr  .         Reflect  .     M - +1 pair of gloves
SustAt .         Harm     .     (boots unavailable)
MR     +....     Rnd*Rage +     Y - amulet of regeneration
Stlth  ..........               X - +4 ring of slaying
                                r - +4 ring of protection

@: paralysed, flying quickly and evasively, very slightly contaminated, quick,
somewhat resistant to hostile enchantments, extremely unstealthy
A: beak, talons 3, slimy green scales 1, agile 1, berserk 1, blurry vision 1,
clever 2, deterioration 1, shaggy fur 1, wild magic 1, MP-powered wands, able to
fly 2
a: Stop Flying, Quick Charge, Device Surge, Supercharge, Renounce Religion,
Evoke Invisibility
}: 1/15 runes: barnacled


You were on level 4 of the Abyss.
You worshipped Pakellas.
Pakellas was exalted by your worship.
You were not hungry.

You visited 5 branches of the dungeon, and saw 32 of its levels.
You visited the Abyss 1 time.
You also visited: Ice Cave.

You collected 2431 gold pieces.
You spent 1845 gold pieces at shops.

Inventory:

Hand Weapons
 k - the +10 glaive of Gallantry (weapon) {chop, *Confuse +Inv rN+}
   (You found it on level 4 of the Shoals)

   It inflicts extra damage upon your enemies.
   It protects you from negative energy.
   It lets you turn invisible.
   It may confuse you when you take damage.
Missiles
 C - 8 throwing nets (quivered)
Armour
 z - the +10 plate armour "Xitwajox" (worn) {rPois Str+4 Int-2}
   (You took it off a merfolk on level 4 of the Shoals)

   It affects your strength (+4).
   It affects your intelligence (-2).
   It protects you from poison.
 M - a +1 pair of gloves (worn)
 U - a +2 cloak of poison resistance (worn)
Rods
 b - a +8 iron rod (10/10)
   (Pakellas gifted it to you on level 10 of the Dungeon)
 w - a +6 rod of ignition (14/14)
   (You found it on level 6 of the Lair of Beasts)
Jewellery
 f - an uncursed ring of protection from fire
 r - a +4 ring of protection (left hand)
 K - an uncursed ring of sustain attributes
 X - a +4 ring of slaying (right hand)
 Y - an amulet of regeneration (around neck)
Wands
 j - a wand of hasting (8/9)
 v - a wand of confusion (25/48)
 F - a wand of polymorph (9/24)
 Q - a wand of paralysis (6/24)
 S - a wand of paralysis (22/24)
 V - a wand of iceblast (1/15)
 W - a wand of digging (7/24)
 Z - a wand of digging (13/24)
Scrolls
 h - 5 scrolls of magic mapping
 i - 2 scrolls of remove curse
 l - 4 scrolls of enchant weapon
 o - 2 scrolls of immolation
 y - a scroll of fear
 D - a scroll of silence
 E - a scroll of brand weapon
 J - 5 scrolls of enchant armour
 N - 4 scrolls of teleportation
 R - a scroll of recharging
Potions
 c - 2 potions of resistance
 m - 6 potions of ambrosia
 n - 8 potions of curing
 p - 5 potions of berserk rage
 q - 2 potions of invisibility
 t - 3 potions of agility
 G - 3 potions of cancellation
 H - 4 potions of might
 L - 4 potions of magic
Books
 A - a book of Transfigurations

   Spells                             Type                      Level
   a - Irradiate                      Conjuration/Transmutation    5
   b - Statue Form                    Transmutation/Earth          6
   c - Hydra Form                     Transmutation                6
   d - Dragon Form                    Transmutation                7
 P - a book of Enchantments

   Spells                             Type                      Level
   a - Cause Fear                     Hexes                        4
   b - Yara's Violent Unravelling     Hexes/Transmutation          5
   c - Silence                        Hexes/Air                    5
   d - Deflect Missiles               Charms/Air                   6
   e - Haste                          Charms                       6
   f - Discord                        Hexes                        8
Miscellaneous
 u - 3 phantom mirrors
 O - a disc of storms
 T - a fan of gales (inert)
Comestibles
 g - 13 bread rations
 x - 13 meat rations
 B - 9 slices of pizza


   Skills:
 - Level 15.1 Fighting
   Level 13.8(15.2) Maces & Flails
 + Level 2.4(7.7) Polearms
   Level 11.4(14.1) Staves
 - Level 1.0 Throwing
 - Level 13.6 Armour
 - Level 9.1 Dodging
 - Level 2.0 Spellcasting
 - Level 2.4 Translocations
 - Level 16.8 Evocations


You had 7 spell levels left.
You knew the following spells:

 Your Spells              Type           Power        Failure   Level  Hunger
a - Apportation           Tloc           ##........   97%         1    ##.....
b - Blink                 Tloc           N/A          99%         2    ###....
g - Shroud of Golubria    Chrm/Tloc      #.........   100%        2    ###....
p - Passage of Golubria   Tloc           N/A          100%        4    #####..
r - Regeneration          Chrm/Necr      #.........   100%        3    ####...
R - Repel Missiles        Chrm/Air       #.....       100%        2    ###....


Dungeon Overview and Level Annotations

Branches:
Dungeon (15/15)            Temple (0/1) D:5            Lair (8/8) D:10
 Shoals (4/4) Lair:3       Spider (0/4) Lair:5        Slime (0/6) Lair:6
    Orc (2/2) D:10            Elf (3/3) Orc:2        Depths (0/5) D:15
 Vaults: D:13-14

Altars:
Dithmenos
Elyvilon
Fedhas
Kikubaaqudgha
Okawaru
Pakellas
Sif Muna
Trog
Yredelemnul
Beogh
Jiyva

Shops:
D:5 [   Orc:2 ([*=   Elf:1 :   Shoals:1 :

Portals:
Trove: Elf:3 (give 16 potions of curing)

Annotations:
D:13 4 exclusions, Galewin's ghost, journeyman MiBe
D:14 exclusion: downstairs
Lair:5 exclusion: downstairs
Lair:7 Josephine
Shoals:2 exclusions: 2 downstairs and upstairs
Shoals:4 exclusion: upstairs, Ilsuiw
Orc:2 Saint Roka
Abyss:1 Nikola


Innate Abilities, Weirdness & Mutations

You have a beak for a mouth.
You have claws for feet.
You can fly continuously.
You are partially covered in slimy green scales (AC +2).
You are agile. (Dex +2)
You tend to lose your temper in combat.
Scrolls take you a little longer to read.
Your mind is very acute. (Int +4)
Your body sometimes deteriorates upon taking damage.
You are covered in fur (AC +1).
Your spells are a little harder to cast, but a little more powerful.
You expend magic power (3 MP) to strengthen your wands.


Message History

You slice the spatial maelstrom!! You claw the spatial maelstrom.
The spatial maelstrom is moderately damaged.
The fire bat misses you.
The spatial maelstrom closely misses you. x2
The spatial maelstrom hits you. Space warps horribly around you!
The spatial maelstrom closely misses you. x2
The spatial maelstrom hits you but does no damage.
The fire bat barely misses you.
A starcursed mass splits.
A cacophony of accursed wailing tears at your sanity!
* * * LOW HITPOINT WARNING * * *
You suddenly lose the ability to move!
The ynoxinul gestures. 3 spatial vortices come into view.
The fire bat bites you but does no damage.
The spatial maelstrom hits you but does no damage.
The spatial maelstrom hits you!
* * * LOW HITPOINT WARNING * * *
Space warps horribly around you!
You die...
Pakellas says: Time to start the next experiment...

............ v..v.# .X.
#.# ..........v...2.#.#
G... ...
........v.v...........$
. # ###
####...v5.........2#.v..
########v.X3.Xv.v.......
... ######.5.XvvX...#...
.... ## #####XvvvXX....
. .. ...
######..XvbvvX....# #. .
. #####...#v.@vXXv....#.
....
####vvvb##v#v......E .v
. ###.....##hh..... . ..
.. ###....v.hv.x.....E
§§ . ####......v........
.. #####....G.......≈
... # ###..........v#. .
... ####........#... ♣ .
. X . . . .


You could see 8 starcursed masses, 7 spatial maelstroms, a blizzard demon, 3
hell hogs, a giant orange brain, 20 spatial vortices, 2 thrashing horrors, a
large abomination, a ynoxinul, a small abomination, 2 fire bats and 2 ufetubi.

Vanquished Creatures
  Agnes (Elf:1)
  A storm dragon (Shoals:4)
  The ghost of Xelenos the Warrior, a journeyman MiFi of Okawaru (Orc:2)
  A deep elf demonologist (Elf:2)
  A fire dragon (Lair:3)
  2 merfolk javelineers
  4 merfolk impalers (Shoals:4)
  An ice dragon (D:15)
  Harold (Lair:2)
  8 hydras
  4 catoblepae
  An ogre mage (D:15)
  2 merfolk aquamancers
  2 merfolk avatars
  5 centaur warriors
  20 dancing weapons
  2 death knights
  11 death yaks
  A hell hog (Abyss:4)
  An orc high priest (Orc:2)
  Sonja (D:15)
  18 deep elf knights
  A fire crab (Lair:5)
  2 skeletal warriors (D:15)
  9 sea snakes
  2 unseen horrors
  The ghost of Xelenos the Fighter, a novice MiFi of Okawaru (D:5)
  A deep elf archer (Elf:1)
  6 hill giants
  8 harpies (Shoals:3)
  A phantasmal warrior (D:15)
  A lindwurm (Lair:7)
  A wolf spider zombie (D:13)
  2 orc knights (Orc:2)
  3 large abominations (Abyss:4)
  3 fauns (Shoals:1)
  8 griffons
  An orc sorcerer (Orc:2)
  34 deep elf magi
  2 cyclopes
  6 ugly things
  4 sirens
  8 manticores
  A guardian serpent (D:15)
  3 elephants (Lair:4)
  A black mamba (Lair:5)
  6 water nymphs
  A torpor snail (Lair:6)
  10 spiny frogs
  2 rime drakes
  4 komodo dragons
  A freezing wraith (D:15)
  A wind drake (Shoals:4)
  A tengu conjurer (D:12)
  7 trolls
  3 two-headed ogres
  8 blink frogs (Lair:8)
  A boulder beetle (Lair:5)
  Grinder (D:3)
  15 merfolk
  7 snapping turtles
  A redback (Lair:5)
  2 shadows
  7 water elementals
  3 wraiths
  36 yaks
  3 basilisks
  3 fire elementals
  A hungry ghost (D:13)
  A steam dragon (D:12)
  3 humans
  5 vampire mosquitoes
  16 hippogriffs
  2 mottled dragons
  9 porcupines
  10 water moccasins
  3 hell hounds (Orc:2)
  A swamp drake (shapeshifter) (D:13)
  19 orc warriors
  An ice beast (D:12)
  A wasp (D:8)
  2 eyes of draining
  3 phantoms
  13 ogres
  2 necrophages
  5 wolves
  18 crocodiles
  5 centaurs
  8 big kobolds
  20 giant frogs
  An earth elemental (Elf:1)
  A water moccasin zombie (D:8)
  2 scorpions
  3 wights (D:11)
  An electric eel (Lair:1)
  2 centaur zombies
  6 crimson imps
  4 hounds
  4 centaur skeletons
  4 giant frog skeletons
  17 orc priests
  24 orc wizards
  8 iguanas
  14 worker ants
  A killer bee zombie (D:9)
  27 sheep
  A hound skeleton (D:4)
  2 worker ant zombies
  8 gnolls
  26 river rats
  9 adders
  3 shadow imps
  An adder zombie (D:9)
  A worm (D:2)
  2 giant geckos
  56 orcs
  3 bats
  7 giant cockroaches
  8 goblins
  2 hobgoblins
  9 jackals
  8 quokkas
  A giant cockroach zombie (D:6)
  3 giant gecko skeletons (D:5)
  5 giant newts
  A jackal zombie (D:6)
  44 kobolds
  A quokka skeleton (D:4)
  5 rats
  A fungus (Lair:2)
  A plant (Lair:7)
796 creatures vanquished.

Vanquished Creatures (collateral kills)
  Azrael (Orc:2)
  3 merfolk javelineers (Shoals:4)
  A merfolk impaler (Shoals:4)
  2 merfolk aquamancers (Shoals:4)
  An alligator snapping turtle (Shoals:4)
  2 orc high priests
  A satyr (Shoals:4)
  A spatial maelstrom (Abyss:4)
  3 sea snakes (Shoals:4)
  An anubis guard (Shoals:3)
  4 harpies (Shoals:4)
  4 orc sorcerers
  2 manticores
  2 cyclopes
  3 sirens (Shoals:4)
  4 water nymphs (Shoals:4)
  3 merfolk (Shoals:4)
  A two-headed ogre (D:10)
  2 water elementals (Shoals:4)
  5 yaks (D:10)
  A wyvern (D:10)
  2 fire elementals (Orc:2)
  A hell hound (Orc:2)
  A porcupine (D:10)
  6 orc warriors
  A swamp drake (Orc:1)
  An ice beast (D:10)
  An ogre (Orc:1)
  2 centaurs
  A crocodile (D:10)
  An orc priest (Orc:1)
  A giant frog zombie (D:10)
  6 orc wizards
  2 sheep
  3 river rats (D:10)
  9 orcs
85 creatures vanquished.

Vanquished Creatures (others)
  A fire dragon (D:15)
  A hydra (Lair:5)
  A merfolk aquamancer (Shoals:4)
  A merfolk avatar (Shoals:4)
  4 death yaks
  An alligator snapping turtle (Shoals:3)
  A death knight (D:15)
  A dancing weapon (Elf:2)
  A porcupine (D:10)
  2 deep elf archers (Elf:3)
  An orc knight (Orc:2)
  A harpy (Shoals:3)
  2 hill giants
  2 deep elf magi (Elf:2)
  2 griffons
  A faun (Shoals:1)
  A siren (Shoals:4)
  A centaur skeleton (D:14)
  A spiny frog (Lair:8)
  4 merfolk
  A wind drake (Shoals:1)
  A snapping turtle (Shoals:1)
  2 redbacks (Lair:5)
  4 water elementals
  A yak (Lair:4)
  A hippogriff (D:15)
  A water moccasin (Lair:3)
  3 orc warriors
  A black bear (D:12)
  An eye of draining (D:15)
  A crocodile (Lair:5)
  2 giant frogs
  A lava snake (Lair:3)
  A gnoll shaman (Orc:2)
  2 sheep
  A river rat (Lair:4)
  2 orcs (Orc:2)
  A goblin (D:3)
  A bush (Lair:7)
  14 fungi
  7 plants
79 creatures vanquished.

Grand Total: 960 creatures vanquished

Notes
Turn   | Place    | Note
--------------------------------------------------------------
     0 | D:1      | Charly the Tengu Warper began the quest for the Orb.
     0 | D:1      | Reached XP level 1. HP: 12/12 MP: 4/4
   196 | D:2      | Reached XP level 2. HP: 17/17 MP: 6/6
   665 | D:2      | Learned a level 2 spell: Blink
   668 | D:2      | Learned a level 2 spell: Shroud of Golubria
   840 | D:2      | Reached XP level 3. HP: 14/21 MP: 2/7
   911 | D:2      | Found an oddly glowing altar of Pakellas.
   912 | D:2      | Charly: ?? Pakellas
   912 | D:2      | beem: pakellas[1/2]: Pakellas the Inventive, god of devices; new for 0.18. Blocks MP regeneration and hates channeling; instead you get access to MP on kills, {quick charge}, {device surge}, and gifts of evokables. At 6*, you also get a one-off {supercharge} of a wand or rod. Disabled in trunk, hopefully back by 0.19.
   915 | D:2      | Became a worshipper of Pakellas the Inventive
  1257 | D:3      | Found a white marble altar of Elyvilon.
  1306 | D:3      | Found a deep blue altar of Sif Muna.
  1385 | D:3      | Noticed Grinder
  1530 | D:2      | Reached XP level 4. HP: 24/26 MP: 8/8
  1558 | D:2      | Gained mutation: You are agile. (Dex +2) [potion of mutation]
  1558 | D:2      | Gained mutation: You tend to lose your temper in combat. [potion of mutation]
  1558 | D:2      | Gained mutation: You have a pair of small horns on your head. [potion of mutation]
  1568 | D:3      | Reached skill level 5 in Maces & Flails
  1603 | D:3      | Reached * piety under Pakellas
  1603 | D:3      | Received a gift from Pakellas
  1679 | D:3      | Killed Grinder
  1679 | D:3      | Reached skill level 2 in Evocations
  1679 | D:3      | Gained mutation: You can fly. [Tengu growth]
  1679 | D:3      | Reached XP level 5. HP: 30/30 MP: 9/9
  1679 | D:3      | Reached XP level 6. HP: 35/35 MP: 10/10
  1867 | D:4      | Found a bloodstained altar of Trog.
  2020 | D:5      | Entered Level 5 of the Dungeon
  2020 | D:5      | Found Qystryuma's Antique Armour Shop.
  2065 | D:4      | Reached skill level 3 in Evocations
  2065 | D:4      | Reached XP level 7. HP: 39/40 MP: 11/11
  2160 | D:5      | Found a staircase to the Ecumenical Temple.
  2510 | D:5      | Reached ** piety under Pakellas
  2510 | D:5      | Received a gift from Pakellas
  2535 | D:5      | Reached skill level 4 in Evocations
  2705 | D:6      | Gained mutation: Your body sometimes deteriorates upon taking damage. [potion of mutation]
  2705 | D:6      | Gained mutation: Your body often deteriorates upon taking damage. [potion of mutation]
  2732 | D:6      | Found an ancient bone altar of Kikubaaqudgha.
  2763 | D:5      | Reached XP level 8. HP: 44/44 MP: 12/12
  2787 | D:5      | Got a dazzling chain mail
  2801 | D:5      | Identified the +3 chain mail of Negation {rElec} (You found it on level 5 of the Dungeon)
  2844 | D:5      | Noticed Xelenos's ghost (novice MiFi)
  3257 | D:6      | Reached skill level 5 in Evocations
  3570 | D:7      | Found a shadowy altar of Dithmenos.
  3739 | D:7      | Found a basalt altar of Yredelemnul.
  3762 | D:7      | Reached XP level 9. HP: 46/49 MP: 11/14
  4030 | D:5      | Killed Xelenos's ghost
  4030 | D:5      | Reached skill level 10 in Maces & Flails
  4030 | D:5      | Reached skill level 5 in Armour
  4030 | D:5      | Reached skill level 6 in Evocations
  4722 | D:8      | jacquesderrida: hi
  4745 | D:8      | Charly: hi
  4814 | D:10     | Entered Level 10 of the Dungeon
  4836 | D:9      | Noticed a troll
  4839 | D:9      | jacquesderrida: https://en.wikipedia.org/wiki/Tarrare
  4842 | D:9      | Killed a troll
  4842 | D:9      | Reached *** piety under Pakellas
  4842 | D:9      | Received a gift from Pakellas
  4905 | D:9      | Found an iron altar of Okawaru.
  4918 | D:9      | Reached XP level 10. HP: 58/58 MP: 16/16
  4973 | D:9      | Charly: brb
  5086 | D:9      | Reached skill level 5 in Fighting
  5133 | D:9      | Reached skill level 7 in Evocations
  5398 | D:11     | Reached **** piety under Pakellas
  5398 | D:11     | Received a gift from Pakellas
  5574 | D:10     | Identified the Reference Book on Earthen Attacks (You found it on level 10 of the Dungeon)
  5604 | D:10     | Noticed a hill giant
  5615 | D:10     | Killed a hill giant
  5750 | D:10     | Found a staircase to the Orcish Mines.
  5818 | D:10     | Noticed a hill giant
  5840 | D:10     | Killed a hill giant
  5895 | D:10     | Reached skill level 8 in Evocations
  6002 | D:10     | Reached ***** piety under Pakellas
  6002 | D:10     | Received a gift from Pakellas
  6002 | D:10     | Reached XP level 11. HP: 64/66 MP: 18/18
  6011 | D:10     | Found a staircase to the Lair.
  6252 | D:11     | Killed an unseen horror
  6468 | D:11     | Noticed a hill giant
  6468 | D:11     | Noticed a white ugly thing
  6473 | D:11     | Noticed a hill giant
  6490 | D:11     | Killed a white ugly thing
  6499 | D:11     | Killed a hill giant
  6499 | D:11     | Reached skill level 9 in Evocations
  6517 | D:11     | Killed a hill giant
  6665 | D:12     | Found a frozen archway.
  6679 | IceCv    | Entered an ice cave
  7067 | D:12     | Noticed a hill giant
  7080 | D:12     | Killed a hill giant
  7399 | D:13     | Noticed a centaur warrior
  7408 | D:13     | Killed a centaur warrior
  7409 | D:13     | Noticed a hill giant
  7413 | D:13     | Killed a hill giant
  7426 | D:13     | Noticed Galewin's ghost (journeyman MiBe)
  7482 | D:13     | Reached XP level 12. HP: 46/75 MP: 6/20
  7539 | D:13     | Noticed a death knight
  7541 | D:13     | Reached skill level 10 in Evocations
  7553 | D:13     | Killed a death knight
  7638 | D:13     | Noticed a centaur warrior
  7721 | D:13     | Killed a centaur warrior
  7867 | D:13     | Noticed a vault guard
  7990 | D:13     | Noticed a vault guard
  8095 | D:10     | Noticed a centaur warrior
  8185 | D:10     | Killed a centaur warrior
  8269 | Orc:1    | Entered Level 1 of the Orcish Mines
  8315 | Lair:1   | Entered Level 1 of the Lair of Beasts
  8442 | Lair:1   | Reached skill level 10 in Fighting
  8630 | Lair:1   | Reached ****** piety under Pakellas
  8693 | Lair:2   | Noticed Harold
  8705 | Lair:2   | Killed Harold
  8720 | Lair:2   | Reached skill level 11 in Evocations
  9312 | Lair:3   | Found a staircase to the Shoals.
  9378 | Lair:3   | Got an ebony quarterstaff
  9379 | Lair:3   | Identified the +9 quarterstaff of Indomitability {distort, +Inv rElec} (You found it on level 3 of the Lair of Beasts)
  9479 | Lair:3   | Noticed a fire dragon
  9495 | Lair:3   | Reached skill level 1 in Staves
  9652 | Lair:4   | Reached XP level 13. HP: 62/83 MP: 16/22
 10018 | Lair:4   | Gained mutation: You are somewhat resistant to further mutation. [potion of mutation]
 10018 | Lair:4   | Gained mutation: You are covered in fur (AC +1). [potion of mutation]
 10348 | Lair:5   | Reached skill level 5 in Staves
 10752 | Lair:5   | Found a hole to the Spider Nest.
 10840 | Lair:6   | Found a staircase to the Slime Pits.
 10885 | Lair:6   | Reached skill level 12 in Evocations
 11011 | Lair:6   | Found a viscous altar of Jiyva.
 11402 | Lair:6   | Gained mutation: You can fly continuously. [Tengu growth]
 11402 | Lair:6   | Reached XP level 14. HP: 84/90 MP: 19/24
 11621 | Lair:7   | Noticed Josephine
 11714 | Lair:7   | Reached skill level 13 in Evocations
 11830 | Lair:8   | Entered Level 8 of the Lair of Beasts
 11908 | Lair:7   | Learned a level 4 spell: Passage of Golubria
 12052 | Lair:7   | Reached skill level 10 in Staves
 12366 | Lair:8   | Torious: ?? pak
 12366 | Lair:8   | beem: pakellas[1/2]: Pakellas the Inventive, god of devices; new for 0.18. Blocks MP regeneration and hates channeling; instead you get access to MP on kills, {quick charge}, {device surge}, and gifts of evokables. At 6*, you also get a one-off {supercharge} of a wand or rod. Disabled in trunk, hopefully back by 0.19.
 12515 | Lair:8   | Got a crude lajatang
 12592 | Lair:8   | Reached skill level 14 in Evocations
 12622 | Lair:8   | Identified the +0 lajatang of Deinoy {slice, MP+9} (You found it on level 8 of the Lair of Beasts)
 13073 | Orc:1    | Found a roughly hewn altar of Beogh.
 13218 | Orc:2    | Entered Level 2 of the Orcish Mines
 13306 | Orc:2    | Noticed Saint Roka
 13338 | Orc:2    | Noticed Xelenos's ghost (journeyman MiFi)
 13358 | Orc:2    | Killed Xelenos's ghost
 13358 | Orc:2    | Reached XP level 15. HP: 95/96 MP: 26/26
 13377 | Orc:2    | Noticed Azrael
 13389 | Orc:2    | Noticed an orc warlord
 13553 | Orc:2    | Killed Azrael
 13556 | Orc:2    | Found a staircase to the Elven Halls.
 13585 | Orc:1    | Gained mutation: You expend magic power (3 MP) to strengthen your wands. [mutagenic glow]
 13590 | Orc:1    | Lost mutation: Your body often deteriorates upon taking damage. [potion of cure mutation]
 13590 | Orc:1    | Lost mutation: You are somewhat resistant to further mutation. [potion of cure mutation]
 13590 | Orc:1    | Lost mutation: You have a pair of small horns on your head. [potion of cure mutation]
 13965 | Orc:2    | Found Fajarr's General Store.
 13966 | Orc:2    | Found Tuevufu's Jewellery Shop.
 13967 | Orc:2    | Found Ynaaguck's Antique Armour Boutique.
 13967 | Orc:2    | Found Duonufom's Antique Weapon Boutique.
 13983 | Orc:2    | Bought a potion of heal wounds for 85 gold pieces
 13983 | Orc:2    | Bought the +2 scale mail "Tud Ofepn" {rPois} for 428 gold pieces
 13983 | Orc:2    | Bought a +1 cloak for 195 gold pieces
 13998 | Orc:2    | Bought a +4 ring of protection for 612 gold pieces
 14026 | Orc:2    | Bought a sapphire-encrusted chain mail for 285 gold pieces
 14033 | Orc:2    | Identified the +8 chain mail "Leuw" {*Corrode rF+ Str+4 Dex+2} (You bought it in a shop on level 2 of the Orcish Mines)
 14366 | D:14     | Learned a level 3 spell: Regeneration
 14369 | D:14     | Learned a level 2 spell: Repel Missiles
 14376 | D:15     | Entered Level 15 of the Dungeon
 14406 | D:14     | Turgon: dump please
 14454 | D:14     | Turgon: thx
 14469 | D:14     | Charly: np
 14540 | D:14     | Turgon: The point is that asking beem for a dump results in a very old dump
 14541 | D:14     | Turgon: ages ago
 14543 | D:14     | Turgon: I don't understand this
 14616 | D:14     | Tedronai: dumps are updated on save or when you explicitly create it with #. beem can only provide you with the url
 14618 | D:14     | Found a blossoming altar of Fedhas.
 14669 | D:14     | Turgon: oh
 14676 | D:14     | Turgon: thanks
 14701 | D:14     | Turgon: That's something how beem could be improved
 14776 | D:15     | Tedronai: so you want beem to be able to interfere with your game? ;)
 14794 | D:15     | Turgon: well, if I ask beem for a dump I'd like the actual dump
 14797 | D:15     | Tedronai: yeah but the actual dump may not exist at that time
 14805 | D:15     | Turgon: beem could do it, couldn't it?
 14845 | D:15     | Tedronai: how? the data is only available in the actual save file on the server
 14853 | D:15     | Tedronai: i.e. the .cs file
 14885 | D:15     | Turgon: hmmm
 14893 | D:15     | Tedronai: from this the dump is generated when you save or press #
 14968 | D:15     | Reached skill level 5 in Dodging
 14971 | D:15     | Turgon: btw, distortion is a stupid brand imo
 14972 | D:15     | Turgon: very embarassing
 14972 | D:15     | Charly: I may end up in abyss if I unequip
 14972 | D:15     | Turgon: I know
 15012 | D:15     | Turgon: Remember old times when you have to wield/unwield distortion weapon to escape from pan into abyss?
 15017 | D:15     | Turgon: That was strange
 15025 | D:15     | Gained mutation: Your mind is acute. (Int +2) [mutagenic meat]
 15027 | D:15     | Turgon: there were no exits from pan in earlier versions
 15046 | D:15     | Gained mutation: You are partially covered in thin metallic scales (AC +2). [mutagenic meat]
 15121 | D:15     | Charly: wield/unwield disto brand is good escape option in general
 15121 | D:15     | Charly: gotta take break now
 15121 | D:15     | Charly: be back later
 15576 | D:15     | Gained mutation: Your spells are a little harder to cast, but a little more powerful. [mutagenic meat]
 15577 | D:15     | Gained mutation: You are partially covered in slimy green scales (AC +2). [mutagenic meat]
 15579 | D:15     | Gained mutation: Scrolls take you a little longer to read. [mutagenic meat]
 15664 | D:15     | Noticed Sonja
 15756 | D:15     | Found a staircase to the Depths.
 15827 | D:15     | Killed Sonja
 15827 | D:15     | Reached skill level 10 in Armour
 15829 | D:15     | Got a transparent robe
 15849 | D:14     | Identified the cursed +1 robe of Life {rElec rF- rCorr Str+3} (You took it off Sonja on level 15 of the Dungeon)
 16082 | Shoals:1 | Entered Level 1 of the Shoals
 16232 | Shoals:1 | Charly: ??amulet
 16232 | Shoals:1 | beem: amulets[1/2]: The list of amulets in Crawl are: faith, gourmand, guardian spirit, inaccuracy, rage, regeneration, harm, reflection, dismissal, and MP regeneration. See [2] for removed amulets.
 16513 | Shoals:1 | Found Kedolis's Book Emporium.
 16579 | Shoals:1 | Reached skill level 15 in Evocations
 16852 | Shoals:2 | Reached XP level 16. HP: 103/103 MP: 8/28
 17460 | Shoals:4 | Entered Level 4 of the Shoals
 17709 | Shoals:4 | Found Luno's Armour Shop.
 17762 | Shoals:4 | Bought a +2 cloak of poison resistance for 240 gold pieces
 17842 | Shoals:4 | Got a warped glaive
 17845 | Shoals:4 | Identified the +10 glaive of Gallantry {chop, *Confuse +Inv rN+} (You found it on level 4 of the Shoals)
 18359 | Shoals:4 | Noticed a storm dragon
 18359 | Shoals:4 | a merfolk aquamancer changed into a storm dragon
 18360 | Shoals:4 | Charly: @? merfolk aquamancer
 18360 | Shoals:4 | beem: merfolk aquamancer (m)
                  | Spd: 10 (swim: 60%)
                  | HD: 14
                  | HP: 52-73
                  | AC/EV: 2/12
                  | Dam: 15
                  | weapons, items, doors, amphibious, spellcaster, see invisible
                  | Res: magic(80), drown
                  | XP: 912
                  | Sp: primal wave (3d20), steam ball (3d18), throw icicle (3d23), blink [emergency]
                  | Sz: Medium
                  | Int: human.
 18360 | Shoals:4 | Charly: @? storm dragon
 18360 | Shoals:4 | beem: storm dragon (D)
                  | Spd:
    12 | HD: 14   | HP: 84-124
                  | AC/EV: 13/10
                  | Dam: 25, 15(claw), 15(trample)
                  | fly
                  | Res: magic(100), cold, elec+++, drown
                  | XP: 2034
                  | Sp: b.lightning (3d19) [!AM, !sil, breath]
                  | Sz: Giant
                  | Int: animal.
 18384 | Shoals:4 | Noticed a kraken
 18397 | Shoals:4 | Got a barnacled rune of Zot
 18459 | Shoals:4 | Killed a storm dragon
 18503 | Shoals:4 | Got an encrusted plate armour
 18538 | Shoals:4 | Noticed Ilsuiw
 18751 | Shoals:4 | Identified the +10 plate armour "Xitwajox" {rPois Str+4 Int-2} (You took it off a merfolk on level 4 of the Shoals)
 18895 | Shoals:1 | Charly: ?? demon trident
 18895 | Shoals:1 | beem: demon trident[1/1]: (polearms; +1 acc / 12 dam / 1.3 base delay / 0.6 min delay). A terrible three-pronged weapon, moulded by fire and brimstone. Can be {bless}ed into a {trishula}.
 19025 | Orc:2    | Reached XP level 17. HP: 110/110 MP: 29/29
 19033 | Elf:1    | Entered Level 1 of the Elven Halls
 19042 | Elf:1    | Noticed Nikola
 19055 | Elf:1    | Found Xerikly's Book Shop.
 19081 | Elf:1    | Banished Nikola
 19105 | Elf:1    | Reached skill level 16 in Evocations
 19507 | Elf:1    | Noticed Agnes
 19520 | Elf:1    | Killed Agnes
 19538 | Elf:2    | Charly: ?? demon blade
 19538 | Elf:2    | beem: demon blade[1/1]: (long blades; -1 acc / 13 dam / 1.3 base delay / 0.6 min delay). A terrible weapon, forged in the fires of Hell. Can be {bless}ed into a {eudemon blade}.
 19546 | Elf:3    | Entered Level 3 of the Elven Halls
 19738 | Elf:3    | Found a portal to a secret trove of treasure.
 19845 | Elf:2    | Lost mutation: You are partially covered in thin metallic scales (AC +2). [potion of mutation]
 19845 | Elf:2    | Gained mutation: Your mind is very acute. (Int +4) [potion of mutation]
 20165 | Elf:2    | Found a huge runed gate.
 20167 | Elf:2    | Found a huge runed gate.
 20170 | Elf:2    | Found a huge runed gate.
 20549 | Elf:2    | Reached skill level 15 in Fighting
 20662 | Elf:2    | Reached skill level 1 in Polearms
 20666 | Elf:2    | Cast into level 3 of the Abyss (a distortion unwield)
 20691 | Abyss:4  | Reached XP level 18. HP: 65/119 MP: 31/31
 20808 | Abyss:4  | Paralysed by accursed screaming for 2 turns
 20809 | Abyss:4  | Mangled by a spatial maelstrom

Skill      XL: |  1  2  3  4  5  6  7  8  9 10 11 12 13 14 15 16 17 18 |
---------------+-------------------------------------------------------+-----
Maces & Flails | 3 4 6 7 8 9 10 11 12 13 | 13.8
Evocations     | 2 3 4 5 6 8 9 11 12 14 15 16 | 16.8
Armour         | 4 6 7 8 10 12 13 | 13.6
Fighting       | 4 6 8 10 11 12 13 15 | 15.1
Staves         | 1 8 11 | 11.4
Dodging        | 3 6 9 |  9.1
Polearms       | 1 2 |  2.4
Throwing       | |  1.0
Spellcasting   | |  2.0
Translocations | |  2.4

Action                   |  1- 3 |  4- 6 |  7- 9 | 10-12 | 13-15 | 16-18 || total
-------------------------+-------+-------+-------+-------+-------+-------++-------
Melee: Mace              |    89 |       |       |       |       |       ||    89
       Kick              |    15 |    12 |   110 |   256 |   380 |   277 ||  1050
       Peck              |     8 |    10 |    65 |   158 |   237 |   173 ||   651
       Flail             |    14 |    37 |   312 |   403 |       |       ||   766
       Headbutt          |       |    10 |    74 |   169 |   141 |       ||   394
       Dire flail        |       |       |       |   287 |       |       ||   287
       Quarterstaff      |       |       |       |    22 |  1065 |   665 ||  1752
       Glaive            |       |       |       |       |       |    15 ||    15
Throw: Tomahawk          |       |       |       |     1 |     2 |       ||     3
       Throwing net      |       |       |       |       |       |     9 ||     9
 Cast: Shroud of Golubri |     4 |       |       |       |       |       ||     4
Invok: Quick Charge      |       |       |     2 |     5 |     8 |     3 ||    18
       Device Surge      |       |       |       |     1 |       |       ||     1
 Abil: Evoke Berserk Rag |       |       |     1 |     4 |       |       ||     5
       Fly               |       |       |       |     3 |     4 |       ||     7
       Evoke Invisibilit |       |       |       |     1 |    21 |     8 ||    30
       Stop Flying       |       |       |       |       |     1 |       ||     1
Evoke: Wand              |       |     6 |    37 |   111 |   114 |    25 ||   293
       Rod               |       |       |       |    13 |       |       ||    13
       Box of beasts     |       |       |       |       |    11 |    12 ||    23
       Disc of storms    |       |       |       |       |     1 |       ||     1
       Fan of gales      |       |       |       |       |       |     4 ||     4
  Use: Scroll            |     1 |     6 |    10 |    20 |    13 |     2 ||    52
       Potion            |       |     2 |     2 |     4 |     8 |     9 ||    25
 Stab: Sleeping          |     1 |       |       |       |       |       ||     1
       Confused          |       |     2 |    18 |    18 |       |       ||    38
       Paralysed         |       |       |     3 |    58 |    29 |     9 ||    99
       Distracted        |       |       |       |     1 |       |       ||     1
       Invisible         |       |       |       |     1 |    66 |    47 ||   114
       Petrifying        |       |       |       |       |     1 |       ||     1
       Petrified         |       |       |       |       |     1 |       ||     1
       Held in net/web   |       |       |       |       |       |     7 ||     7
  Eat: Chunk             |     3 |     3 |     4 |    24 |    39 |    14 ||    87
       Fruit             |       |       |     3 |     2 |    13 |     6 ||    24
       Meat ration       |       |       |     1 |       |       |       ||     1
       Bread ration      |       |       |     1 |       |       |       ||     1
       Pizza             |       |       |       |     4 |       |       ||     4
       Beef jerky        |       |       |       |       |     2 |     2 ||     4
       Royal jelly       |       |       |       |       |     1 |       ||     1
Armor: Leather armour    |    25 |     3 |     3 |       |       |       ||    31
       Chain mail        |       |       |   117 |   255 |   347 |   120 ||   839
       Troll leather arm |       |       |       |    30 |       |       ||    30
       Plate armour      |       |       |       |       |       |   183 ||   183
Dodge: Dodged            |    72 |    19 |    74 |   191 |   352 |   353 ||  1061
